 Dungeon Crawl Stone Soup version 0.18.1-48-g4cf74bf (webtiles) character file.

135 dest the Skirmisher (level 4, 0/37 HPs)
             Began as a Demonspawn Chaos Knight on Sept 5, 2016.
             Succumbed to an adder's poison
             ... on level 4 of the Dungeon.
             The game lasted 00:16:50 (1349 turns).

dest the Skirmisher (Demonspawn Chaos Knight)       Turns: 1349, Time: 00:16:51

Health: 0/37       AC:  5    Str: 14    XL:     4   Next: 96%
Magic:  2/4        EV: 11    Int: 13    God:    Xom [...*..]
Gold:   165        SH:  0    Dex: 12    Spells: 0 memorised, 3 levels left

rFire  . . .     SeeInvis .     a - +1 mace (chaos)
rCold  . . .     Gourm    .     b - +2 leather armour
rNeg   . . .     Faith    .     (no shield)
rPois  .         Spirit   +     (helmet restricted)
rElec  .         Dismiss  .     (no cloak)
rCorr  .         Reflect  .     (no gloves)
SustAt .         Harm     .     (no boots)
MR     +....     Rnd*Tele +     (no amulet)
Stlth  +.........               i - ring of teleportation
                                l - ring of protection from magic

@: lethally poisoned (0 -> -5), somewhat resistant to hostile enchantments, very
unstealthy
A: antennae 2, high mp 1, slow regeneration 1, magic shield
a: Renounce Religion


You were on level 4 of the Dungeon.
You worshipped Xom.
You were a favourite toy of Xom.
You were hungry.

You visited 1 branch of the dungeon, and saw 4 of its levels.

You collected 165 gold pieces.

Inventory:

Hand Weapons
 a - a +1 mace of chaos (weapon)
Armour
 b - a +2 leather armour (worn)
 h - a +0 leather armour
Jewellery
 d - an uncursed ring of wizardry
 e - an uncursed ring of see invisible
 i - a ring of teleportation (right hand)
 l - a ring of protection from magic (left hand)
Scrolls
 f - 2 scrolls of recharging
 r - a scroll of identify
Comestibles
 c - 4 bread rations
 k - 2 meat rations


   Skills:
 + Level 4.0 Fighting
 + Level 3.8 Maces & Flails
 + Level 2.3 Armour
 + Level 1.4 Dodging
 + Level 0.8 Stealth


You had 3 spell levels left.
You didn't know any spells.

Dungeon Overview and Level Annotations

Branches:
Dungeon (4/15)
 Temple: D:4-7

Altars:
Cheibriados
Vehumet
Xom


Innate Abilities, Weirdness & Mutations

You have a pair of antennae on your head.
When hurt, damage is shared between your health and your magic reserves.
You have an increased reservoir of magic (+10% MP).
You regenerate slowly when monsters are visible.


Message History

* * * LOW HITPOINT WARNING * * *
You closely miss the adder.
The adder is severely wounded.
The adder bites you.
* * * LOW HITPOINT WARNING * * *
You are more poisoned.
The adder poisons you! The adder barely misses you.
* * * LOW HITPOINT WARNING * * *
You feel sick.
* * * LOW HITPOINT WARNING * * *
You feel sick. The adder barely misses you.
* * * LOW HITPOINT WARNING * * *
You feel sick.
You sock the adder!
You kill the adder!
* * * LOW HITPOINT WARNING * * *
You feel sick.
You die...
Xom guffaws!

#..... #.....
#..... #.....
#.....###
#.......####
#.....#..).####
#.....####....###
##.### ####.@.##
# ###..#
##.####...
#<.......
#######.. {


There were no monsters in sight!

Vanquished Creatures
  An orc wizard (D:3)
  A centaur skeleton (D:4)
  3 adders
  2 worms (D:2)
  A dart slug (D:2)
  7 orcs
  A giant cockroach (D:2)
  5 goblins
  5 hobgoblins
  3 kobolds
  2 quokkas
  A ball python (D:2)
  6 bats
  A giant newt (D:1)
  2 rats (D:1)
41 creatures vanquished.

Vanquished Creatures (others)
  4 toadstools (D:1)
4 creatures vanquished.

Grand Total: 45 creatures vanquished

Notes
Turn   | Place    | Note
--------------------------------------------------------------
     0 | D:1      | dest the Demonspawn Chaos Knight began the quest for the Orb.
     0 | D:1      | Reached XP level 1. HP: 18/18 MP: 1/1
     6 | D:1      | XOM: divination: detect items
   188 | D:1      | XOM: mild Conj miscast
   197 | D:1      | Gained mutation: You have a pair of small antennae on your head. [demonic ancestry]
   197 | D:1      | Reached XP level 2. HP: 21/24 MP: 2/2
   385 | D:2      | XOM: smoke on damage
   428 | D:2      | Reached skill level 1 in Dodging
   437 | D:2      | Gained mutation: When hurt, damage is shared between your health and your magic reserves. [demonic ancestry]
   437 | D:2      | Reached XP level 3. HP: 21/30 MP: 3/3
   618 | D:3      | Found a faded altar to an unknown god.
   620 | D:3      | XOM: blink monster(s)
   635 | D:3      | XOM: cast spell 'Call Canine Familiar'
   674 | D:3      | Found a snail-covered altar of Cheibriados.
   768 | D:3      | Found a radiant altar of Vehumet.
   770 | D:3      | Gained mutation: You regenerate slowly when monsters are visible. [potion of mutation]
   770 | D:3      | Gained mutation: You have a pair of antennae on your head. [potion of mutation]
   770 | D:3      | Gained mutation: You have an increased reservoir of magic (+10% MP). [potion of mutation]
   962 | D:3      | XOM: harmless Trmt miscast
  1031 | D:3      | XOM: smoke on damage
  1037 | D:3      | Reached skill level 4 in Fighting
  1037 | D:3      | Reached XP level 4. HP: 15/37 MP: 2/4
  1299 | D:4      | Noticed a phantom
  1310 | D:4      | XOM: summons friendly ufetubus
  1324 | D:4      | XOM: scenery: create altars
  1347 | D:4      | HP: 1/37 [poisoned by an adder]
  1349 | D:4      | Succumbed to an adder's poison

Skill      XL: |  1  2  3 |
---------------+----------+-----
Maces & Flails | 3 |  3.8
Dodging        | 1 |  1.4
Armour         | 2 |  2.3
Fighting       | 4 |  4.0
Stealth        | |  0.8

Action                   |  1- 3 |  4- 6 || total
-------------------------+-------+-------++-------
Melee: Mace              |    99 |    26 ||   125
  Use: Potion            |     6 |       ||     6
       Scroll            |     8 |       ||     8
 Stab: Sleeping          |     1 |       ||     1
       Invisible         |     1 |       ||     1
       Paralysed         |     1 |       ||     1
  Eat: Chunk             |       |     1 ||     1
Armor: Leather armour    |    10 |     6 ||    16
       Chain mail        |    67 |       ||    67
Dodge: Dodged            |    48 |    15 ||    63
